 Dungeon Crawl Stone Soup version 0.30-a0-652-gcc886f7154 (webtiles) character file.

Game seed: 9750550641825425285

9912 bmack86 the Blocker (level 11, 0/95 HPs)
             Began as a Minotaur Fighter on Jan 18, 2023.
             Was an Elder of Okawaru.
             Slain by a killer bee (4 damage)
             ... on level 10 of the Dungeon.
             The game lasted 00:21:29 (8389 turns).

bmack86 the Blocker (Minotaur Fighter)              Turns: 8389, Time: 00:21:29

Health: 0/95       AC: 20    Str: 25    XL:     11   Next: 29%
Magic:  12/12      EV:  6    Int:  5    God:    Okawaru [****..]
Gold:   656        SH: 11    Dex: 10    Spells: 10/10 levels left

rFire   . . .      SeeInvis .    e - +7 broad axe (heavy)
rCold   . . .      Faith    .    h - +0 kite shield
rNeg    . . .      Spirit   .    q - +0 plate armour
rPois   .          Reflect  .    (helmet restricted)
rElec   .          Harm     .    s - +2 cloak
rCorr   .          Rampage  .    n - +2 pair of gloves
Will    .....                    (no boots) Stlth
                                 y - amulet of magic regeneration
HPRegen 0.35/turn                k - ring of flight
MPRegen 0.53/turn                (no ring)

@: lethally poisoned (0 -> -6), flying
A: horns 2, retaliatory headbutt
a: Renounce Religion, Heroism, Finesse


You were on level 10 of the Dungeon.
You worshipped Okawaru.
Okawaru was greatly pleased with you.
You visited 2 branches of the dungeon, and saw 11 of its levels.
You also visited: Sewer.

You collected 656 gold pieces.

Inventory:

Hand Weapons
 a - a +1 war axe
 e - a +7 heavy broad axe (weapon)
Missiles
 f - 9 throwing nets
 g - 78 poisoned darts
 z - 6 boomerangs (quivered)
Armour
 h - a +0 kite shield (worn)
 n - a +2 pair of gloves (worn)
 q - a +0 plate armour (worn)
 s - a +2 cloak (worn)
 u - a +0 tower shield
Jewellery
 c - a ring of protection from cold
 k - a ring of flight (left hand)
 y - an amulet of magic regeneration (around neck)
Wands
 b - a wand of light (17)
 o - a wand of flame (51)
 E - a wand of paralysis (11)
 F - a wand of digging (8)
 H - a wand of mindburst (1)
Scrolls
 x - 3 scrolls of fog
 A - 2 scrolls of amnesia
 D - 2 scrolls of teleportation
 G - a scroll of silence
 I - a scroll of vulnerability
Potions
 d - 2 potions of might
 i - 5 potions of cancellation
 l - a potion of attraction
 m - 4 potions of curing
 p - 4 potions of lignification
 r - 6 potions of haste
 t - 2 potions of flight
 w - a potion of brilliance
 B - a potion of mutation
 C - 3 potions of invisibility


   Skills:
 + Level 8.8 Fighting
 * Level 11.5 Axes
 + Level 6.5 Throwing
 + Level 8.8 Armour
 * Level 11.7 Shields
 + Level 3.0 Invocations


You had 10 spell levels left.
You didn't know any spells.
Your spell library contained the following spells:

 Spells                   Type           Power      Damage    Failure   Level
 Magic Dart               Conj           0%         1d3       100%        1
 Blink                    Tloc           0%         N/A       100%        2
 Mephitic Cloud           Conj/Pois/Air  0%         N/A       100%        3
 Manifold Assault         Tloc           0%         N/A       100%        4
 Borgnjor's Vile Clutch   Necr/Erth      0%         N/A       100%        5
 Storm Form               Tmut/Air       0%         N/A       100%        7
 Call Imp                 Summ           Unusable   N/A       N/A         2
 Animate Dead             Necr           Unusable   N/A       N/A         4
 Death Channel            Necr           Unusable   N/A       N/A         6

Dungeon Overview and Level Annotations

Branches:
Dungeon (10/15)            Temple (1/1) D:7            Lair (0/5) D:9
  Sewer (visited)
    Orc: D:9-12

Altars:
Ashenzari
Cheibriados
Dithmenos
Elyvilon
Fedhas
Gozag
Hepliaklqana
Kikubaaqudgha
Makhleb
Nemelex Xobeh
Okawaru
Qazlal
Ru
Sif Muna
Trog
Uskayaw
Vehumet
Wu Jian
Xom
Yredelemnul
Zin
The Shining One

Shops:
D:2 (   D:5 (*   D:8 (   D:9 ?


Innate Abilities, Weirdness & Mutations

You have a pair of horns on your head.
You reflexively headbutt those who attack you in melee.


Message History

You block the troll's attack. The troll claws you.
The killer bee stings you but does no damage.
The troll bites you.
* * * LOW HITPOINT WARNING * * *
You block the troll's attack. The troll barely misses you.
You block the killer bee's attack.
You hear a shout!
You slash the troll!
The troll is severely wounded.
You closely miss the killer bee.
The killer bee stings you but does no damage. x2
The troll bites you!
* * * LOW HITPOINT WARNING * * *
The troll claws you but does no damage. You block the troll's attack.
The killer bee stings you but does no damage.
The troll bites you!
* * * LOW HITPOINT WARNING * * *
You block the troll's attack. The troll claws you but does no damage.
The killer bee stings you.
* * * LOW HITPOINT WARNING * * *
The killer bee stings you.
* * * LOW HITPOINT WARNING * * *
You are lethally poisoned!
The killer bee poisons you!
The killer bee stings you but does no damage.
The troll bites you.
* * * LOW HITPOINT WARNING * * *
You block the troll's attack. The troll barely misses you.
You feel much better.
You feel yourself speed up.
You feel very sick. You block the killer bee's attack.
The killer bee stings you but does no damage. x2
You block the killer bee's attack.
The killer bee stings you but does no damage. x2
The troll bites you but does no damage. The troll claws you!
* * * LOW HITPOINT WARNING * * *
The troll claws you but does no damage. You block the killer bee's attack.
The killer bee stings you.
You die...

...###.#.#
##♣.♣## ...#
#.#.# ♣.♣♣
..†###.#.#
♣.♣.♣
...#.....#
♣.♣.♣#
.........#
.♣♣♣.#
.....#.### #.
♣(# ..##...#
#.♣ ♣)# ~
..+...##
#.♣.♣y♣♣♣....
..#.###
#..~T@yyy...#
#...#
#.♣.♣y♣♣♣....
#.#.# ♣.♣.#
.~ ....# ♣
♣.#
..#.######
♣.#
.~~≈≈≈≈≈≈#
.♣#
~~≈~≈≈≈≈≈## .
~~≈≈≈≈≈≈≈≈##
♣
..~~≈≈≈≈≈≈≈#


You could see a troll and 5 killer bees.

Vanquished Creatures
  Harold (D:9)
  Erolcha (D:9)
  A two-headed ogre (D:10)
  Pikel (D:8)
  Joseph (D:8)
  Maggie (D:6)
  A hornet (D:7)
  9 yaks
  2 wraiths (D:10)
  3 wyverns
  Grum (D:5)
  A steam dragon (D:9)
  Edmund (D:6)
  2 acid dragons
  A water moccasin (D:7)
  2 orc warriors
  2 sky beasts (D:6)
  A black bear (D:4)
  3 ogres (D:6)
  A wolf (D:5)
  2 centaurs
  A phantom (D:5)
  8 kobold brigands
  6 gnoll sergeants
  2 bullfrogs
  2 necrophages
  5 scorpions
  3 wights (D:9)
  7 killer bees
  3 howler monkeys
  12 hounds
  A jelly (D:4)
  3 orc priests
  A gnoll bouda (D:5)
  2 iguanas (D:4)
  3 orc wizards
  25 gnolls
  5 adders
  2 river rats (Sewer)
  A white imp (D:6)
  An ufetubus (D:4)
  2 worms (D:3)
  2 dart slugs
  17 orcs
  10 endoplasms
  3 giant cockroaches
  7 hobgoblins
  4 jackals
  8 quokkas
  12 ball pythons
  5 bats
  2 frilled lizards
  5 goblins
  47 kobolds
  21 rats
276 creatures vanquished.

Vanquished Creatures (others)
  10 plants (D:10)
10 creatures vanquished.

Grand Total: 286 creatures vanquished

Notes
Turn   | Place    | Note
-------+----------+-------------------------------------------
     0 | D:1      | bmack86 the Minotaur Fighter began the quest for the Orb.
     0 | D:1      | Reached XP level 1. HP: 19/19 MP: 0/0
   157 | D:1      | Reached XP level 2. HP: 27/27 MP: 1/1
   465 | D:1      | Reached XP level 3. HP: 28/33 MP: 2/2
   756 | D:2      | Found a faded altar of an unknown god.
   904 | D:2      | Found Nidibbel's Weapon Boutique.
  1534 | D:3      | Found a blossoming altar of Fedhas.
  1554 | D:3      | Reached XP level 4. HP: 36/40 MP: 3/3
  1573 | D:3      | Found an ornate altar of the Wu Jian Council.
  1647 | D:3      | You are sucked into a shaft and drop 1 floor!
  1666 | D:4      | Reached skill level 1 in Throwing
  1734 | D:4      | Noticed a black bear
  1743 | D:4      | Killed a black bear
  1744 | D:4      | Reached XP level 5. HP: 33/47 MP: 4/4
  2262 | D:4      | Reached skill level 5 in Shields
  2262 | D:4      | Reached XP level 6. HP: 49/53 MP: 5/5
  2803 | D:5      | Entered Level 5 of the Dungeon
  2818 | D:5      | Reached skill level 5 in Axes
  2870 | D:5      | Reached skill level 5 in Fighting
  2904 | D:5      | Found Gerued's Weapon Shop.
  2921 | D:5      | Reached skill level 5 in Armour
  2951 | D:5      | Reached XP level 7. HP: 38/61 MP: 6/6
  3289 | D:5      | Found a glowing drain.
  3301 | Sewer    | Entered a sewer
  3389 | Sewer    | Reached XP level 8. HP: 63/70 MP: 7/7
  3857 | D:5      | Noticed Grum
  3878 | D:5      | Killed Grum
  4245 | D:5      | Found Deuraofe's Neck Hole.
  4399 | D:6      | Noticed Maggie
  4451 | D:6      | Noticed Edmund
  4698 | D:6      | Killed Edmund
  4712 | D:6      | Reached XP level 9. HP: 30/78 MP: 8/8
  4981 | D:6      | Killed Maggie
  5418 | D:7      | Identified a scroll of acquirement
  5418 | D:7      | Acquired a +2 heavy broad axe
  5601 | D:7      | Paralysed by a hornet for 1 turns
  5606 | D:7      | Reached skill level 5 in Throwing
  5832 | D:7      | Found a staircase to the Ecumenical Temple.
  5844 | Temple   | Entered the Ecumenical Temple
  6035 | Temple   | Became a worshipper of Warmaster Okawaru
  6595 | D:8      | Noticed Joseph
  6597 | D:8      | Reached * piety under Okawaru
  6598 | D:8      | Reached XP level 10. HP: 78/86 MP: 9/9
  6601 | D:8      | Reached skill level 10 in Shields
  6604 | D:8      | Killed Joseph
  6605 | D:8      | Reached skill level 10 in Axes
  6774 | D:8      | Found Irphuj's Antique Weapon Emporium.
  6912 | D:8      | Noticed Pikel
  6920 | D:8      | Killed Pikel
  6951 | D:8      | Reached ** piety under Okawaru
  6952 | D:8      | Reached skill level 1 in Invocations
  7184 | D:8      | Identified the +1 leather armour of the Game of Kings
                  | {Int+3}
  7386 | D:9      | Noticed Harold
  7397 | D:9      | Killed Harold
  7397 | D:9      | Reached *** piety under Okawaru
  7723 | D:9      | Reached XP level 11. HP: 95/95 MP: 11/11
  7727 | D:9      | Noticed Erolcha
  7737 | D:9      | Killed Erolcha
  7737 | D:9      | Reached **** piety under Okawaru
  7956 | D:9      | Found Elyisiz's Magic Scroll Emporium.
  8126 | D:9      | Found a staircase to the Lair.
  8258 | D:10     | Entered Level 10 of the Dungeon
  8370 | D:10     | Noticed a two-headed ogre
  8376 | D:10     | Killed a two-headed ogre
  8376 | D:10     | Received a gift from Okawaru
  8388 | D:10     | HP: 4/95 [killer bee (3)]
  8389 | D:10     | Slain by a killer bee

Illustrated notes

Levels and vault maps discovered:
D:1:      ebering_trefoil_twist, layout_basic
D:2:      layout_loops_cross, shapermc_ecumenical_altar_starsandcircs,
          serial_shops, nicolae_shop_bloodbath_and_beyond,
          palyth_stone_intersect
D:3:      layout_basic, mainiacjoe_overflow_large_starburst
D:4:      black_bear_nest_1, layout_rooms
D:5:      layout_cave_pools, portal_sewer_entry_f, serial_gnoll_camp,
          gnoll_camp_mini_hut, gnoll_camp_mini_loothouse, grums_kennel,
          gnoll_camp_medium_01, gnoll_camp_mini_house, serial_shops,
          nicolae_shop_trees, nicolae_shop_sticking_my_neck_out
D:6:      layout_cave_pools, uniq_edmund, uniq_maggie
D:7:      layout_loops_ring, minmay_temple_entry_wispy
D:8:      layout_rooms, serial_shops, shop, uniq_joseph, uniq_pikel
D:9:      layout_loops_cross, lair_entry_dummy, serial_shops, shop,
          uniq_erolcha, uniq_harold, uniq_grum
D:10:     nzn_winding_woodlands_large [nzn_winding_woodlands_5x5_closed_star,
          nzn_winding_woodlands_5x15_crooked,
          nzn_winding_woodlands_5x5_open_star,
          nzn_winding_woodlands_center_garden,
          nzn_winding_woodlands_15x15_eel_pit,
          nzn_winding_woodlands_center_lodge,
          nzn_winding_woodlands_5x5_checkerboard,
          nzn_winding_woodlands_5x15_eye, nzn_winding_woodlands_5x5_cross],
          layout_basic
Temple:   mainiacjoe_temple_cubbyholes

Skill      XL: |  1  2  3  4  5  6  7  8  9 10 11 |
---------------+----------------------------------+-----
Axes           | 3 4 5 6 7 9 11 | 11.5
Fighting       | 4 5 6 7 8 |  8.8
Armour         | 4 5 6 7 8 |  8.8
Shields        | 4 5 6 8 9 11 | 11.7
Throwing       | 1 2 3 4 5 6 |  6.5
Invocations    | 2 3 |  3.0

Action                   |  1- 3 |  4- 6 |  7- 9 | 10-12 || total
-------------------------+-------+-------+-------+-------++-------
Melee: War axe           |    80 |   102 |   213 |       ||   395
       Headbutt          |     4 |    16 |    44 |    14 ||    78
       Broad axe         |       |       |    36 |   113 ||   149
Throw: Dart              |       |     2 |       |       ||     2
       Boomerang         |       |       |    17 |       ||    17
  Use: Scroll            |     4 |     7 |    14 |     5 ||    30
       Potion            |       |       |     3 |     2 ||     5
Armor: Scale mail        |    49 |    19 |       |       ||    68
       Chain mail        |       |    70 |   169 |       ||   239
       Plate armour      |       |       |    74 |   132 ||   206
Dodge: Dodged            |    59 |    48 |   128 |    55 ||   290
Block: Buckler           |    27 |    26 |    89 |       ||   142
       Kite shield       |       |       |    12 |   124 ||   136

Table legend: (Time is in decaauts)
 A = Elapsed time spent in this place.
 B = Non-inter-level travel time spent in this place.
 C = Inter-level travel time spent in this place.
 D = Time resting spent in this place.
 E = Time spent auto-exploring this place.
 F = Levels seen in this place.
 G = Mean time per level.
                   A        B        C        D        E       F      G
               +--------+--------+--------+--------+--------+-----+--------+
         Total |   8601 |   8365 |    236 |    478 |   5129 |  12 |  716.8 |
       Dungeon |   7740 |   7556 |    184 |    478 |   4558 |  10 |  774.0 |
        Temple |    349 |    297 |     52 |      0 |    286 |   1 |  349.0 |
         Sewer |    511 |    511 |      0 |      0 |    285 |   1 |  511.0 |
               +--------+--------+--------+--------+--------+-----+--------+

Top non-repeatable levels by time:
     D:5: 1153 daAuts
     D:9: 1018 daAuts
     D:6: 994 daAuts
     D:7: 788 daAuts
     D:8: 771 daAuts
     D:3: 742 daAuts
     D:1: 726 daAuts
     D:2: 720 daAuts
     D:4: 670 daAuts
   Sewer: 511 daAuts
  Temple: 349 daAuts
    D:10: 152 daAuts
